 Dungeon Crawl Stone Soup version 0.28-a0-1117-g0bdd5ba030 (webtiles) character file.

Game seed: 8912877879578357704

99773 Zonian the Reanimator (level 15, -8/109 (115) HPs)
             Began as a Demonspawn Necromancer on Dec 11, 2021.
             Was a Follower of Yredelemnul.
             Mangled by a hellwing (10 damage)
             ... summoned by an orc sorcerer
             ... while paralysed by an orc sorcerer
             ... on level 1 of the Orcish Mines on Dec 12, 2021.
             The game lasted 01:44:18 (42801 turns).

Zonian the Reanimator (Demonspawn Necromancer)     Turns: 42801, Time: 01:44:20

HP:   -8/109 (115)  AC: 11    Str: 10    XL:     15   Next: 78%
MP:   0/28          EV:  2    Int: 21    God:    Yredelemnul [*.....]
Gold: 1537          SH:  0    Dex: 23    Spells: 7/32 levels left

rFire   . . .      SeeInvis .   B - +10 rapier "Zecuwyuho" {freeze, Fly rPois}
rCold   . . .      Faith    .   S - +2 buckler
rNeg    . . .      Spirit   +   X - +1 robe of Sunlight {Rampage Stlth+}
rPois   +          Reflect  +   (no helmet)
rElec   .          Harm     .   (no cloak)
rCorr   .          Rampage  +   N - +0 pair of gloves
Will    +....                   l - +1 pair of boots
Stlth   +++++++...              K - amulet of reflection
HPRegen 0.28/turn               L - +6 ring of dexterity
MPRegen 0.42/turn               F - +4 ring of protection

@: paralysed, spiked, flying, studying Air Magic, drained
A: thin skeletal structure 1, ignite blood 3, magic shield, magic regeneration,
demonic touch 2
a: Renounce Religion, Recall Undead Harvest


You were on level 1 of the Orcish Mines.
You worshipped Yredelemnul.
Yredelemnul was aware of your devotion.
You visited 4 branches of the dungeon, and saw 24 of its levels.
You also visited: Sewer and Ossuary.

You collected 2303 gold pieces.
You spent 766 gold pieces at shops.

Inventory:

Hand Weapons
 a - a +4 scimitar of flaming
 q - the +7 hand crossbow "Xelofomi" {freeze, rC+}
   (You found it on level 4 of the Lair of Beasts)

   Any ammunition fired from it freezes those it strikes, dealing additional
   cold damage.
   It can also slow down cold-blooded creatures.
   rC:        It protects you from cold.
 z - the +9 hand axe "Houbes" {vorpal, Str+4}
   (You found it on level 5 of the Dungeon)

   It inflicts extra damage upon your enemies.
   Str:       It affects your strength (+4).
 B - the +10 rapier "Zecuwyuho" (weapon) {freeze, Fly rPois}
   (You bought it in a shop on level 6 of the Dungeon)

   It freezes those it strikes, dealing additional cold damage.
   It can also slow down cold-blooded creatures.
   rPois:     It protects you from poison.
   Fly:       It grants you flight.
Missiles
 b - 250 bolts
 d - 64 poisoned darts
 g - 4 javelins
 p - 4 throwing nets
Armour
 l - a +1 pair of boots (worn)
 n - +0 steam dragon scales
 N - a +0 pair of gloves (worn)
 Q - the +3 ring mail "Ofideock" {rElec}
   (You found it on level 1 of the Lair of Beasts)

   rElec:     It insulates you from electricity.
 S - a +2 buckler (worn)
 X - the +1 robe of Sunlight (worn) {Rampage Stlth+}
   (You found it on level 13 of the Dungeon)

   Rampage:   It bestows one free step when moving towards enemies.
   Stlth:     It makes you more stealthy.
Jewellery
 f - a +4 ring of protection
 j - a ring of willpower
 r - a +4 ring of protection
 F - a +4 ring of protection (right hand)
 K - an amulet of reflection (around neck)
 L - a +6 ring of dexterity (left hand)
 V - an amulet of regeneration
 W - a +4 ring of evasion
Wands
 c - a wand of polymorph (4)
 h - a wand of mindburst (9)
 R - a wand of paralysis (15)
Scrolls
 s - 3 scrolls of fog
 y - 3 scrolls of fear
 J - 4 scrolls of enchant weapon
 M - a scroll of teleportation
 T - 12 scrolls of identify
 U - 2 scrolls of amnesia
 Y - a scroll of blinking
 Z - a scroll of magic mapping
Potions
 e - a potion of ambrosia
 u - a potion of resistance
 v - 7 potions of curing
 w - 4 potions of berserk rage
 x - 3 potions of lignification
 C - 4 potions of mutation
 D - 4 potions of might
 E - 3 potions of haste
 G - 9 potions of brilliance
 I - 3 potions of flight
 P - a potion of attraction
Miscellaneous
 t - a tin of tremorstones (2/2)


   Skills:
 + Level 9.9 Fighting
 + Level 9.0 Short Blades
 - Level 1.3 Axes
 + Level 6.0 Armour
 + Level 9.3 Dodging
 + Level 10.2 Stealth
 + Level 3.1 Shields
 + Level 9.3 Spellcasting
 + Level 5.3 Conjurations
 + Level 11.7 Necromancy
 + Level 5.0 Ice Magic
 + Level 11.5 Air Magic
 - Level 3.4 Poison Magic
 + Level 10.4 Invocations
 + Level 0.0 Evocations


You had 7 spell levels left.
You knew the following spells:

 Your Spells              Type           Power      Damage    Failure   Level
a - Pain                  Necr           100%       1d9       1%          1
b - Vampiric Draining     Necr           56%        2d10      1%          3
c - Freezing Cloud        Conj/Ice/Air   20%        6-21      11%         5
d - Poisonous Vapours     Pois/Air       82%        N/A       1%          2
e - Agony                 Necr           56%        N/A       1%          5
f - Dispel Undead         Necr           56%        3d20      1%          4
g - Lightning Bolt        Conj/Air       22%        1d38      7%          5

Your spell library contained the following spells:

 Spells                   Type           Power      Damage    Failure   Level
 Animate Skeleton         Necr           100%       N/A       1%          1
 Freeze                   Ice            100%       1d11      1%          1
 Corpse Rot               Necr/Air       100%       N/A       1%          2
 Static Discharge         Conj/Air       45%        N/A       1%          2
 Swiftness                Air            55%        N/A       1%          3
 Animate Dead             Necr           28%        N/A       1%          4
 Foxfire                  Conj/Fire      84%        2x1d8     2%          1
 Sting                    Tmut/Pois      68%        1d6       3%          1
 Frozen Ramparts          Ice            60%        1d8       3%          3
 Ozocubu's Armour         Ice            30%        N/A       3%          3
 Ensorcelled Hibernation  Hex/Ice        40%        N/A       4%          2
 Apportation              Tloc           18%        N/A       8%          1
 Beastly Appendage        Tmut           18%        N/A       8%          1
 Sandblast                Erth           18%        2d7       8%          1
 Slow                     Hex            36%        N/A       8%          1
 Summon Small Mammal      Summ           36%        N/A       8%          1
 Conjure Flame            Conj/Fire      21%        6-21      8%          3
 Dazzling Flash           Conj/Hex       42%        N/A       8%          3
 Stone Arrow              Conj/Erth      42%        3d9       8%          3
 Hailstorm                Conj/Ice       31%        3d8       9%          4
 Passwall                 Tmut/Erth      7%         N/A       12%         2
 Scorch                   Fire           18%        2d5       12%         2
 Wereblood                Tmut           9%         N/A       12%         2
 Spider Form              Tmut/Pois      17%        N/A       12%         3
 Olgreb's Toxic Radiance  Pois           24%        N/A       19%         4
 Call Canine Familiar     Summ           9%         N/A       22%         3
 Confusing Touch          Hex            9%         N/A       22%         3
 Gell's Gravitas          Tloc           9%         N/A       22%         3
 Inner Flame              Hex/Fire       9%         N/A       22%         3
 Lesser Beckoning         Tloc           9%         N/A       22%         3
 Summon Guardian Golem    Hex/Summ       9%         N/A       22%         3
 Teleport Other           Tloc           9%         N/A       22%         3
 Flame Wave               Conj/Fire      21%        2d6       26%         4
 Ice Form                 Ice/Tmut       20%        N/A       26%         4
 Iskenderun's Mystic Bla  Conj/Tloc      21%        2d6       26%         4
 Sticky Flame             Conj/Fire      21%        2d4       26%         4
 Summon Ice Beast         Ice/Summ       20%        N/A       26%         4
 Simulacrum               Ice/Necr       22%        N/A       36%         6
 Leda's Liquefaction      Hex/Erth       4%         N/A       58%         4
 Alistair's Intoxication  Tmut/Pois      11%        N/A       71%         5
 Blade Hands              Tmut           4%         N/A       91%         5
 Lee's Rapid Deconstruct  Erth           4%         3d6*      91%         5
 Manifold Assault         Tloc           9%         N/A       91%         5
 Summon Forest            Summ/Tloc      4%         N/A       91%         5
 Starburst                Conj/Fire      10%        6d5       98%         6
 Dispersal                Tloc           4%         N/A       100%        6
 Statue Form              Tmut/Erth      6%         N/A       100%        6
 Summon Cactus Giant      Summ           4%         N/A       100%        6
 Malign Gateway           Summ/Tloc      4%         N/A       100%        7
 Monstrous Menagerie      Summ           4%         N/A       100%        7
 Orb of Destruction       Conj           16%        9d7       100%        7
 Spellforged Servitor     Conj/Summ      10%        N/A       100%        7
 Summon Hydra             Summ           4%         N/A       100%        7
 Borgnjor's Revivificati  Necr           28%        N/A       99%         8
 Maxwell's Capacitive Co  Air            27%        ∞         99%         8
 Necromutation            Tmut/Necr      17%        N/A       100%        8
 Death's Door             Necr           28%        N/A       100%        9


Dungeon Overview and Level Annotations

Branches:
Dungeon (15/15)            Temple (1/1) D:7            Lair (6/6) D:11
 Shoals (0/4) Lair:3        Snake (0/4) Lair:2        Slime (0/5) Lair:6
    Orc (2/2) D:11         Vaults (0/5) D:13         Depths (0/4) D:15
  Sewer (visited)         Ossuary (visited)
    Elf: Orc:2

Altars:
Ashenzari
Dithmenos
Elyvilon
Fedhas
Gozag
Kikubaaqudgha
Makhleb
Nemelex Xobeh
Okawaru
Qazlal
Ru
Sif Muna
Trog
Uskayaw
Vehumet
Wu Jian
Yredelemnul
Zin
Beogh

Shops:
D:2 :   D:6 (   D:9 *

Portals:
Trove: D:14 (give +4 storm dragon scales)

Annotations:
D:4 3 runed translucent doors, 2FriedEggs's ghost, amateur HOMo
D:7 2 transporters, SirDiesAlot's ghost, novice MiDe


Innate Abilities, Weirdness & Mutations

You have a somewhat thin skeletal structure. (Dex +2, Stealth+)
Your demonic aura causes all spilled blood to erupt in flames.
When hurt, damage is shared between your health and your magic reserves.
You regenerate magic rapidly.
Your touch may inflict irresistible damage on your foes.


Message History

You closely miss the orc warrior.
The orc warrior is almost dead.
Your warg zombie bites the orc warrior but does no damage.
Your ogre zombie hits the orc warrior but does no damage.
The red devil misses you.
The orc warrior is engulfed in blazing flames.
You kill the orc warrior!
Your Short Blades skill increases to level 9!
The smoke demon hits you. The smoke demon misses you.
You block the smoke demon's attack.
The orc sorcerer gestures at you while chanting.
You suddenly lose the ability to move!
Your orc priest zombie is engulfed in blazing flames.
The red devil hits you with a +1 demon trident of venom!
Barbed spikes become lodged in your body.
The smoke demon hits you but does no damage. x3
The orc sorcerer points at you and mumbles some strange words.
The bolt of negative energy hits you!!
You feel drained.
* * * LOW HITPOINT WARNING * * *
The hellwing swoops through the air toward you!
The hellwing hits you.
* * * LOW HITPOINT WARNING * * *
The hellwing hits you.
* * * LOW HITPOINT WARNING * * *
Your warg zombie completely misses the smoke demon.
Your orc zombie is engulfed in blazing flames.
You destroy your orc zombie!
Your ogre zombie closely misses the smoke demon.
The red devil hits you with a +1 demon trident of venom!
* * * LOW HITPOINT WARNING * * *
Barbed spikes become lodged in your body.
You can no longer trade souls for undead servants.
The smoke demon is engulfed in blazing flames.
The smoke demon gestures at you. Something smites you!
* * * LOW HITPOINT WARNING * * *
Your warg zombie bites the smoke demon but does no damage.
The hellwing hits you!
You die...
Your body rises from the dead as a mindless zombie.

#...........o.
##...........#.
#.....>.......
#...##.......#
##..........##
##.........##
#..........#
##.....4o..##
##....Z3@...#
#.....ZZ.4..#
#.....○)°..##
##....#........
##.####.#.##.#
## .##.# # . ..
. .#. ..


You could see a hellwing (summoned), a smoke demon (summoned, ally target), an
orc sorcerer, a red devil (summoned), a friendly warg zombie, a friendly orc
priest zombie and a friendly ogre zombie.

Vanquished Creatures
  A tengu reaver (D:12)
  A deep elf demonologist (D:12)
  Azrael (D:15)
  A fire dragon (D:15)
  3 ogre magi (D:12)
  3 vault guards (D:13)
  7 centaur warriors
  3 boulder beetles
  8 hydras
  4 catoblepae
  3 two-headed ogres
  4 tengu warriors
  3 death yaks (Lair:4)
  5 skeletal warriors
  Sonja (D:12)
  A deep elf archer (D:13)
  A swamp dragon (Lair:6)
  3 orc knights
  2 lindwurms (Lair:2)
  A harpy (shapeshifter) (D:13)
  8 deep elf pyromancers
  A wolf spider (D:13)
  6 manticores
  6 cyclopes
  An ugly thing zombie (D:15)
  7 ugly things
  6 elephants (Lair:6)
  2 merfolk sirens (Lair:3)
  A spectral efreet (D:15)
  2 spectral slime creatures (D:12)
  4 black mambas
  2 gargoyles
  2 torpor snails
  8 komodo dragons
  2 rime drakes
  10 cane toads
  7 kobold demonologists (D:12)
  2 freezing wraiths
  6 yaktaurs
  5 tengu conjurers
  2 catoblepas zombies
  2 trolls
  A meliai (D:13)
  A queen bee (shapeshifter) (D:10)
  2 merfolk (Lair:3)
  11 polar bears
  2 hornets
  2 raiju (Lair:6)
  15 blink frogs
  11 slime creatures
  A boulder beetle zombie (D:14)
  A fire dragon zombie (D:15)
  2 black mamba zombies
  3 wyverns
  35 yaks
  3 basilisks
  A human (D:13)
  A golden eye (shapeshifter) (D:13)
  3 steam dragons
  A wraith (D:10)
  3 fire elementals (D:15)
  5 vampire mosquitoes
  3 nagas
  An ogre zombie (D:12)
  7 wargs
  A two-headed ogre zombie (D:11)
  3 cane toad zombies
  15 hell hounds
  2 acid dragons
  9 water moccasins
  8 orc warriors
  4 elf zombies
  2 swamp drakes (Lair:6)
  A merfolk zombie (Lair:3)
  13 black bears
  3 ogres
  A sky beast (D:7)
  3 ice beasts
  A manticore zombie (D:13)
  4 blink frog zombies
  2 elephant zombies (Lair:6)
  A hornet zombie (D:8)
  25 wolves
  A rime drake zombie (Lair:6)
  4 boggarts (D:10)
  12 centaurs
  2 vampire mosquito zombies
  A phantom (D:5)
  13 bullfrogs
  6 kobold brigands
  A gnoll sergeant (D:13)
  8 scorpions
  A wyvern zombie (D:11)
  A hell hound zombie (Lair:6)
  3 water moccasin zombies
  2 warg zombies (Lair:6)
  A tengu zombie (D:12)
  A queen bee zombie (D:10)
  8 killer bees
  A yak zombie (Lair:4)
  8 wights
  8 howler monkeys
  2 polar bear zombies (Lair:6)
  10 wolf zombies
  4 electric eels
  6 centaur zombies
  4 bullfrog zombies
  4 hounds
  7 orc priests
  3 jellies (Lair:6)
  A gnoll shaman (D:4)
  A spectral boggart (D:10)
  A black bear zombie (Lair:6)
  A centaur skeleton (D:7)
  13 iguanas
  12 orc wizards
  A naga zombie (Lair:1)
  2 acid dragon zombies (D:12)
  A hound skeleton (D:4)
  2 mummies (Ossuary)
  A spectral jelly (Lair:6)
  3 howler monkey zombies
  10 gnolls
  9 adders
  A swamp drake zombie (Lair:6)
  5 adder zombies (Ossuary)
  3 iguana zombies (Lair:1)
  2 adder skeletons (D:4)
  A worm (D:2)
  3 dart slugs
  36 orcs
  14 ball pythons
  8 endoplasms
  9 giant cockroaches
  7 gnoll zombies
  8 goblins
  5 hobgoblins
  8 jackals
  28 kobolds
  4 quokkas
  5 bats
  4 frilled lizards (Sewer)
  4 hobgoblin zombies (Ossuary)
  10 kobold zombies
  15 orc zombies
  5 rats
726 creatures vanquished.

Vanquished Creatures (collateral kills)
  2 fire dragons
  A vault guard (D:13)
  An ogre mage (D:12)
  A two-headed ogre (D:13)
  A skeletal warrior (D:13)
  An orc sorcerer (D:13)
  An ugly thing (D:15)
  A black mamba (shapeshifter) (D:13)
  A black mamba (Lair:6)
  A rime drake (Lair:6)
  2 efreet
  A freezing wraith (D:13)
  A troll (D:11)
  2 blink frogs
  2 slime creatures (D:12)
  A yak (D:11)
  2 basilisks (Lair:6)
  2 acid dragons (D:12)
  A hell hound (Lair:6)
  2 swamp drakes (Lair:6)
  2 black bears
  5 wolves
  A bullfrog (Lair:1)
  A scorpion (D:11)
  An orc priest (D:11)
  2 orcs
  3 kobolds (D:9)
  2 butterflies (Lair:4)
44 creatures vanquished.

Vanquished Creatures (others)
  3 tengu zombies
  An ugly thing zombie (D:13)
  2 spectral slime creatures
  A catoblepas zombie (D:13)
  2 hydra zombies
  A harpy zombie (D:13)
  A boulder beetle zombie (D:11)
  A cane toad zombie (Lair:6)
  A spectral efreet (D:14)
  A manticore zombie (D:13)
  2 elephant zombies (Lair:6)
  2 elf zombies
  A blink frog zombie (Lair:6)
  A yaktaur zombie (D:13)
  A water moccasin zombie (Lair:6)
  A cyclops zombie (D:13)
  2 hell hound zombies (Lair:6)
  A warg zombie (Lair:6)
  3 polar bear zombies (Lair:6)
  5 wolf zombies
  A bullfrog zombie (D:11)
  4 centaur zombies
  2 human zombies (D:13)
  4 black bear zombies (Lair:6)
  A killer bee zombie (D:8)
  A spectral jelly (Lair:6)
  A howler monkey zombie (D:11)
  2 kobold zombies
  8 orc zombies
  39 fungi
  78 plants
174 creatures vanquished.

Grand Total: 944 creatures vanquished

Notes
Turn   | Place    | Note
-------+----------+-------------------------------------------
     0 | D:1      | Zonian the Demonspawn Necromancer began the quest for the
                  | Orb.
     0 | D:1      | Reached XP level 1. HP: 13/13 MP: 3/3
   664 | D:1      | Gained mutation: Your touch may inflict minor irresistible
                  | damage on your foes. [demonic ancestry]
   664 | D:1      | Reached XP level 2. HP: 13/19 MP: 5/5
  1337 | D:1      | Got the Almanac of the Dislocated Glacier
  1710 | D:1      | Reached XP level 3. HP: 18/24 MP: 0/6
  3206 | D:2      | Found Besae's Book Shop.
  3261 | D:2      | Found a faded altar of an unknown god.
  4461 | D:3      | Found a glowing drain.
  4489 | D:3      | Reached XP level 4. HP: 17/31 MP: 0/7
  4502 | Sewer    | Entered a sewer
  4699 | Sewer    | Reached skill level 1 in Fighting
  5092 | Sewer    | Reached skill level 1 in Short Blades
  5549 | D:3      | Learned a level 3 spell: Vampiric Draining
  6048 | D:4      | Gained mutation: Your demonic aura sometimes causes spilled
                  | blood to erupt in flames. [demonic ancestry]
  6048 | D:4      | Reached XP level 5. HP: 35/37 MP: 9/9
  6202 | D:4      | Found a runed translucent gate.
  6202 | D:4      | Found a runed translucent gate.
  6202 | D:4      | Found a runed translucent gate.
  6215 | D:4      | Reached skill level 5 in Necromancy
  6474 | D:4      | Noticed an ice beast
  7020 | D:4      | Killed an ice beast
  7021 | D:4      | Gained mutation: You regenerate magic rapidly. [demonic
                  | ancestry]
  7021 | D:4      | Reached XP level 6. HP: 16/44 MP: 5/10
  7787 | D:4      | Reached XP level 7. HP: 22/51 MP: 8/12
  8129 | D:4      | Noticed 2FriedEggs's ghost (amateur HOMo)
  8901 | D:5      | Entered Level 5 of the Dungeon
  8939 | D:5      | Found a stormy altar of Qazlal.
  9962 | D:5      | Identified the +9 hand axe "Houbes" {vorpal, Str+4}
 10225 | D:5      | Learned a level 2 spell: Corpse Rot
 10447 | D:6      | Gained mutation: Your touch may inflict irresistible damage
                  | on your foes. [demonic ancestry]
 10447 | D:6      | Reached XP level 8. HP: 30/58 MP: 14/14
 11000 | D:6      | Found Gosarch's Antique Weapon Shoppe.
 11005 | D:6      | Bought a polished rapier for 225 gold pieces
 11005 | D:6      | Identified the +10 rapier "Zecuwyuho" {freeze, Fly rPois}
                  | (You bought it in a shop on level 6 of the Dungeon)
 11037 | D:6      | Reached skill level 1 in Axes
 12503 | D:6      | Reached skill level 1 in Air Magic
 12508 | D:6      | Reached skill level 5 in Stealth
 12512 | D:6      | Gained mutation: Your demonic aura often causes spilled
                  | blood to erupt in flames. [demonic ancestry]
 12512 | D:6      | Reached XP level 9. HP: 30/66 MP: 9/16
 12521 | D:6      | Reached skill level 5 in Spellcasting
 12901 | D:7      | Found a transporter.
 12946 | D:7      | Reached skill level 5 in Dodging
 12950 | D:7      | Reached skill level 5 in Fighting
 13525 | D:7      | Found a sand-covered staircase.
 13529 | D:7      | Gained mutation: When hurt, damage is shared between your
                  | health and your magic reserves. [demonic ancestry]
 13529 | D:7      | Reached XP level 10. HP: 40/74 MP: 15/18
 13535 | Ossuary  | Entered an ossuary
 14252 | D:7      | Noticed a two-headed ogre
 14253 | D:7      | Found a bloodstained altar of Trog.
 14253 | D:7      | Noticed SirDiesAlot's ghost (novice MiDe)
 14254 | D:7      | Noticed a moth of wrath
 14266 | D:7      | Found a transporter.
 14407 | D:7      | Learned a level 2 spell: Poisonous Vapours
 14487 | D:7      | Found a staircase to the Ecumenical Temple.
 14497 | Temple   | Entered the Ecumenical Temple
 14681 | Temple   | Became a worshipper of Yredelemnul the Dark
 15610 | D:8      | Learned a level 5 spell: Agony
 15705 | D:8      | Reached skill level 5 in Short Blades
 15705 | D:8      | Reached skill level 1 in Invocations
 15961 | D:8      | Reached skill level 5 in Air Magic
 16325 | D:8      | Reached * piety under Yredelemnul
 16662 | D:9      | Found Heupty's Assorted Antiques.
 16671 | D:9      | Bought a scroll of teleportation for 57 gold pieces
 17104 | D:9      | Reached ** piety under Yredelemnul
 17624 | D:10     | Entered Level 10 of the Dungeon
 17843 | D:10     | Noticed a red ugly thing
 17843 | D:10     | Noticed a deep elf pyromancer
 17871 | D:10     | Noticed a two-headed ogre
 17889 | D:10     | Killed a two-headed ogre
 17890 | D:10     | Reached XP level 11. HP: 41/81 MP: 9/20
 17917 | D:10     | Killed a red ugly thing
 18341 | D:10     | Learned a level 4 spell: Dispel Undead
 18641 | D:10     | Noticed an orc knight
 18647 | D:10     | Killed an orc knight
 18995 | D:10     | Killed a deep elf pyromancer
 19178 | D:11     | Noticed a boulder beetle
 19186 | D:11     | Killed a boulder beetle
 19187 | D:11     | Reached skill level 5 in Invocations
 19200 | D:11     | Reached *** piety under Yredelemnul
 19218 | D:11     | Found a staircase to the Lair.
 19244 | Lair:1   | Entered Level 1 of the Lair of Beasts
 19249 | Lair:1   | Identified the +3 ring mail "Ofideock" {rElec}
 19762 | Lair:1   | Reached skill level 1 in Poison Magic
 20060 | Lair:1   | Reached skill level 1 in Armour
 20393 | Lair:1   | Gained mutation: Your demonic aura causes all spilled blood
                  | to erupt in flames. [demonic ancestry]
 20393 | Lair:1   | Reached XP level 12. HP: 91/91 MP: 22/22
 23070 | Lair:2   | Found a staircase to the Snake Pit.
 23661 | Lair:3   | Found a staircase to the Shoals.
 23878 | Lair:3   | Noticed a catoblepas
 23893 | Lair:3   | Killed a catoblepas
 24749 | Lair:3   | Noticed a five-headed hydra
 24757 | Lair:3   | Killed a five-headed hydra
 25289 | Lair:4   | Noticed a death yak
 25289 | Lair:4   | Noticed a death yak
 25337 | Lair:4   | Noticed an eight-headed hydra
 25347 | Lair:4   | Killed an eight-headed hydra
 25359 | Lair:4   | Reached skill level 10 in Necromancy
 25903 | D:2      | Bought the Disquisition on Destructive Transmigration for
                  | 484 gold pieces
 25909 | D:2      | Learned a level 5 spell: Freezing Cloud
 26167 | Lair:4   | Noticed a boulder beetle
 26196 | Lair:4   | Killed a boulder beetle
 26197 | Lair:4   | Reached XP level 13. HP: 62/98 MP: 16/24
 26811 | Lair:4   | Reached skill level 1 in Ice Magic
 27067 | Lair:4   | Identified the +7 hand crossbow "Xelofomi" {freeze, rC+}
 27142 | Lair:4   | Reached skill level 1 in Conjurations
 28003 | Lair:5   | Found a frozen archway.
 28558 | Lair:6   | Entered Level 6 of the Lair of Beasts
 29059 | Lair:6   | Reached **** piety under Yredelemnul
 30139 | Lair:6   | Gained mutation: You have a somewhat thin skeletal
                  | structure. (Dex +2, Stealth+) [demonic ancestry]
 30139 | Lair:6   | Reached XP level 14. HP: 98/106 MP: 26/26
 30329 | Lair:6   | Found a staircase to the Slime Pits.
 30848 | Lair:6   | Reached ***** piety under Yredelemnul
 30948 | Lair:6   | Reached skill level 10 in Air Magic
 31870 | D:11     | Found a staircase to the Orcish Mines.
 33080 | D:12     | Got Reyrips's Grimoire of the Four Visions
 33167 | D:12     | Found a shimmering blue altar of Sif Muna.
 33180 | D:12     | Paralysed by something for 2 turns
 33216 | D:12     | Reached skill level 5 in Armour
 33616 | D:12     | Noticed a tengu reaver
 33627 | D:12     | Killed a tengu reaver
 34007 | D:12     | Got Hair's Papyrus of Icy Changing
 34009 | D:12     | Got the Papyrus of Displaced Black Arts
 34208 | D:12     | Got the Almanac of Dislocation and Envenoming
 35462 | D:12     | Reached skill level 1 in Shields
 35756 | D:12     | Noticed Sonja
 35794 | D:12     | Killed Sonja
 36282 | D:12     | Identified the +7 shortbow of the Little People {freeze,
                  | rPois Str+4}
 36837 | D:13     | Reached XP level 15. HP: 36/114 MP: 4/28
 37759 | D:13     | Identified the +1 robe of Sunlight {Rampage Stlth+}
 38187 | D:13     | Found a gate to the Vaults.
 39060 | D:14     | Identified the +0 chain mail of the Quahog {rF- Will++
                  | Int+5}
 39070 | D:14     | Reached skill level 10 in Invocations
 39077 | D:14     | Reached skill level 10 in Stealth
 39193 | D:14     | Reached skill level 5 in Conjurations
 39897 | D:14     | Found a portal to a secret trove of treasure.
 40126 | D:15     | Entered Level 15 of the Dungeon
 40136 | D:15     | Found a hide-covered altar of Uskayaw.
 40525 | D:15     | Found a staircase to the Depths.
 40956 | D:15     | Noticed Azrael
 40961 | D:15     | Killed Azrael
 41331 | D:15     | Reached skill level 5 in Ice Magic
 41331 | D:15     | Your ally Azrael died
 41599 | D:15     | Identified the +0 robe "Emniecitt" {rC+ Dex+4 Slay-6}
 41927 | D:15     | Learned a level 5 spell: Lightning Bolt
 42088 | Orc:1    | Entered Level 1 of the Orcish Mines
 42508 | Orc:1    | Found a bloodstained altar of Trog.
 42780 | Orc:2    | Entered Level 2 of the Orcish Mines
 42799 | Orc:1    | Paralysed by an orc sorcerer for 5 turns
 42801 | Orc:1    | HP: 2/109 [smoke demon/divine providence[an orc sorcerer]
                  | (9)]
 42801 | Orc:1    | Mangled by a hellwing

Illustrated notes

Levels and vault maps discovered:
D:1:      nicolae_arrival_somewhat_less_tricky_arrival, layout_basic,
          minivault_14
D:2:      layout_basic, serial_shops, nicolae_shop_crystal,
          hellmonk_ecumenical_altar_run_dry, hangedman_decor_opposing,
          nrook_loot_triangle, minmay_split_cup_large
D:3:      layout_basic, gup_sewer_entry_glass
D:4:      minmay_door_path, layout_gridville, gammafunk_ghost_icy, st_stairs_5
D:5:      layout_rooms, lemuel_round_altar, kennysheep_boxes
D:6:      layout_rooms, serial_shops, shop
D:7:      layout_basic, temple_hall, lightli_ossuary_entry_decrepit_ruins,
          gammafunk_ghost_wrathful_warriors, grunt_decor_arrowhead, st_stairs_1,
          nicolae_elevator_lobby_asterisk
D:8:      layout_layer_cave, serial_bayou_ford_a, hex_large
D:9:      layout_stronghold, serial_rivers, chequers_serial_rivers_large_a,
          chequers_serial_rivers_micro_a, chequers_serial_rivers_micro_b,
          chequers_serial_rivers_micro_b, serial_shops, shop
D:10:     layout_irregular_city, minmay_shattered_shrine
D:11:     layout_loops_ring, due_lair_maze_entry_diamond,
          minmay_orc_entry_temple_small, small_statue_intersection
D:12:     evilmike_library_of_no_secrets, layout_long_grid, wad_floor_pattern_2,
          uniq_sonja
D:13:     minmay_clustersquares, layout_grid_maze, grunt_vaults_entry_fortified,
          minivault_28
D:14:     layout_rooms, nicolae_trove_entry_isolated, minmay_fountain_box
D:15:     grunt_enter_depths_hoard, layout_gridville,
          chequers_serial_rivers_small_a, chequers_serial_rivers_large_b,
          nicolae_uskayaw_murder_on_the_dancefloor, uniq_azrael
Temple:   roderic_octagonal_lattice_temple
Lair:1:   layout_layer_cave, chequers_serial_rivers_micro_a, beast_lair_carwin_6
Lair:2:   layout_chaotic_city, guppyfry_snake_entry_garden,
          gauntlet_entry_generic, nicolae_lair_lindhole, lemuel_fruit_tree
Lair:3:   layout_cave_pods, elwin_shoals_entry_stream
Lair:4:   layout_hall_layers, infiniplex_staircase_pool, serial_bayou_shore_a,
          grunt_megastairs_4, serial_bayou_shore_b, lemuel_fruit_fields
Lair:5:   layout_cave_shapes, portal_ice_cave_entry_pillars_1,
          grunt_megastairs_3
Lair:6:   guppyfry_lair_end_dragon, layout_regular_city,
          hangedman_lair_caniforms_friends, minmay_slime_entry_pillars,
          grunt_megastairs_5, lemuel_fruit_fields, lemuel_fruit_fields
Orc:1:    layout_caves, serial_shops,
          nicolae_shop_temple_entry_statues_fountains, trog_butcher_becter,
          uniq_snorg, uniq_maurice
Orc:2:    pf_orc_diabolical, layout_diamond_mine, basic_altar,
          nicolae_orc_sculptors_studio, minmay_shop_enchanted_jewellery

Skill      XL: |  1  2  3  4  5  6  7  8  9 10 11 12 13 14 15 |
---------------+----------------------------------------------+-----
Stealth        | 2 3 4 5 6 7 8 9 10 | 10.2
Dodging        | 2 3 4 5 6 7 8 9 |  9.3
Fighting       | 1 2 3 4 5 6 7 8 9 |  9.9
Short Blades   | 1 2 3 4 5 6 7 8 9 |  9.0
Necromancy     | 5 6 7 8 9 10 11 | 11.7
Spellcasting   | 3 4 5 6 7 8 9 |  9.3
Axes           | 1 |  1.3
Air Magic      | 2 4 6 7 8 9 10 11 | 11.5
Invocations    | 3 5 7 8 9 10 | 10.4
Poison Magic   | 1 3 |  3.4
Armour         | 1 3 4 5 6 |  6.0
Ice Magic      | 2 4 5 |  5.0
Conjurations   | 3 4 5 |  5.3
Shields        | 1 3 |  3.1

Action                   |  1- 3 |  4- 6 |  7- 9 | 10-12 | 13-15 || total
-------------------------+-------+-------+-------+-------+-------++-------
Melee: Dagger            |    48 |    93 |    52 |       |       ||   193
       Unarmed           |     9 |       |       |       |       ||     9
       Touch             |    11 |    19 |    32 |    88 |    79 ||   229
       Hand axe          |       |       |     9 |       |       ||     9
       Rapier            |       |       |    89 |   450 |   663 ||  1202
 Fire: Hand crossbow     |       |       |       |       |    12 ||    12
Throw: Dart              |       |       |     4 |     2 |       ||     6
 Cast: Pain              |    60 |    72 |    65 |    21 |    12 ||   230
       Vampiric Draining |       |       |    12 |     3 |    15 ||    30
       Corpse Rot        |       |       |     2 |     1 |       ||     3
       Poisonous Vapours |       |       |       |     6 |     5 ||    11
       Dispel Undead     |       |       |       |       |     8 ||     8
Invok: Dark Bargain      |       |       |       |     1 |     3 ||     4
       Recall Undead Har |       |       |       |     1 |       ||     1
Evoke: Wand              |       |     3 |     7 |    15 |    19 ||    44
       Tin of tremorston |       |       |       |       |     2 ||     2
  Use: Scroll            |     2 |     9 |     3 |    12 |     4 ||    30
       Potion            |       |     3 |       |     1 |     5 ||     9
 Stab: Sleeping          |     1 |     2 |       |    19 |    42 ||    64
       Distracted        |       |       |       |     1 |     6 ||     7
       Petrified         |       |       |       |       |     1 ||     1
       Confused          |       |       |       |       |     1 ||     1
       Petrifying        |       |       |       |       |     1 ||     1
Armor: Robe              |    14 |    26 |       |       |    37 ||    77
       Leather armour    |       |       |    26 |       |       ||    26
       Steam dragon scal |       |       |    12 |    80 |       ||    92
       Ring mail         |       |       |       |    75 |   185 ||   260
Dodge: Dodged            |    40 |   109 |   107 |   336 |   373 ||   965
Block: Other             |       |       |       |    85 |    75 ||   160
       Buckler           |       |       |       |       |   185 ||   185
       Reflection        |       |       |       |       |    30 ||    30

Table legend: (Time is in decaauts)
 A = Elapsed time spent in this place.
 B = Non-inter-level travel time spent in this place.
 C = Inter-level travel time spent in this place.
 D = Time resting spent in this place.
 E = Time spent auto-exploring this place.
 F = Levels seen in this place.
 G = Mean time per level.
                   A        B        C        D        E       F      G
               +--------+--------+--------+--------+--------+-----+--------+
         Total |  44257 |  42285 |   1972 |  20209 |  15292 |  26 | 1702.2 |
       Dungeon |  29380 |  27990 |   1390 |  12985 |  10377 |  15 | 1958.7 |
        Temple |    202 |    184 |     18 |      0 |    164 |   1 |  202.0 |
          Lair |  12537 |  11974 |    563 |   5865 |   4542 |   6 | 2089.5 |
  Orcish Mines |    726 |    726 |      0 |    451 |    138 |   2 |  363.0 |
         Sewer |    757 |    757 |      0 |    412 |     71 |   1 |  757.0 |
       Ossuary |    652 |    652 |      0 |    496 |      0 |   1 |  652.0 |
               +--------+--------+--------+--------+--------+-----+--------+

Top non-repeatable levels by time:
     D:4: 3370 daAuts
    D:12: 3275 daAuts
  Lair:1: 3130 daAuts
  Lair:6: 2980 daAuts
     D:5: 2936 daAuts
    D:13: 2917 daAuts
     D:2: 2161 daAuts
     D:1: 2150 daAuts
    D:15: 2025 daAuts
  Lair:4: 1966 daAuts
  Lair:3: 1887 daAuts
    D:11: 1842 daAuts
    D:10: 1652 daAuts
  Lair:2: 1597 daAuts
     D:8: 1392 daAuts
